 Dungeon Crawl Stone Soup version 0.24.0-123-gd5b16e6ec5 (webtiles) character file.

Game seed: 8411961052131754139, levelgen mode: deterministic

53 mortelune the Skirmisher (level 4, 0/37 HPs)
             Began as a Formicid Abyssal Knight on Dec 21, 2019.
             Was a Follower of Lugonu.
             Succumbed to an adder's poison
             ... on level 3 of the Dungeon.
             The game lasted 00:04:01 (1577 turns).

mortelune the Skirmisher (Formicid Abyssal Knight)  Turns: 1577, Time: 00:04:02

Health: 0/37       AC:  8    Str: 18    XL:     4   Next: 11%
Magic:  6/6        EV: 25    Int: 11    God:    Lugonu [*.....]
Gold:   110        SH:  0    Dex: 12    Spells: 3/3 levels left

rFire    . . .     SeeInvis +   n - +0 great sword
rCold    . . .     Gourm    .   (no shield)
rNeg     . . .     Faith    .   j - +0 ring mail
rPois    .         Spirit   .   (helmet unavailable)
rElec    .         Reflect  .   (no cloak)
rCorr    .         Harm     .   i - +0 pair of gloves
MR       .....                  (no boots)
Stlth    +.........             l - amulet of the acrobat
HPRegen  0.12/turn              (no ring)
MPRegen  0.10/turn              (no ring)

@: lethally poisoned (0 -> -1), acrobat
A: permanent stasis, dig shafts and tunnels, four strong arms, antennae 3,
iridescent scales 1, agile 1
a: Dig, Shaft Self, Depart the Abyss, Renounce Religion


You were on level 3 of the Dungeon.
You worshipped Lugonu.
Lugonu was aware of your devotion.
You were not hungry.

You visited 1 branch of the dungeon, and saw 3 of its levels.
You visited the Abyss 1 time.

You collected 110 gold pieces.

Inventory:

Hand Weapons
 k - a +0 long sword of holy wrath
 n - a +0 great sword (weapon)
Armour
 b - a +1 leather armour
 i - a +0 pair of gloves (worn)
 j - a +0 ring mail (worn)
Jewellery
 l - an amulet of the acrobat (around neck)
Scrolls
 a - a scroll of remove curse
 d - a scroll of fog
 e - a scroll of teleportation
 m - a scroll of amnesia {unknown}
Potions
 f - a potion of cancellation
Comestibles
 c - 5 rations


   Skills:
 + Level 3.8 Fighting
 + Level 2.6 Long Blades
 + Level 2.9 Armour
 - Level 0.8 Dodging
 + Level 3.0 Invocations


You had 3 spell levels left.
You didn't know any spells.
Your spell library was empty.

Dungeon Overview and Level Annotations

Branches:
Dungeon (3/15)

Altars:
Cheibriados


Innate Abilities, Weirdness & Mutations

You cannot be hasted, slowed, berserked, paralysed or teleported.
You can dig through walls and to a lower floor.
Your four strong arms can wield two-handed weapons with a shield.
You have a pair of large antennae on your head. (SInv)
You are partially covered in iridescent scales. (AC +2)
You are agile. (Dex +2)


Message History

The adder bites you but does no damage. The adder barely misses you.
You riposte.
You closely miss the adder.
The adder is severely wounded.
You slash the adder!
You kill the adder!
Lugonu accepts your kill.
You have reached level 4!
You feel stronger.
* * * LOW HITPOINT WARNING * * *
You feel sick.
Unknown command.
Okay, then.
There is a lethal amount of poison in your body!
There is a lethal amount of poison in your body!
You see here an adder corpse.
* * * LOW HITPOINT WARNING * * *
You feel sick.
* * * LOW HITPOINT WARNING * * *
You feel sick.
You die...

####################
.......@.........†>#
##########.###...#.###
#.# #.......#
###.###.#...#.###
#<..............#
###.###.#.#.##### #.#
##......# #.# ##.....#
{ #.# ###.#.###


There were no monsters in sight!

Vanquished Creatures
  An adder (D:3)
  A dart slug (D:1)
  A leopard gecko (D:1)
  4 giant cockroaches
  4 goblins
  5 hobgoblins
  3 jackals (D:1)
  2 quokkas (D:2)
  A ball python (D:1)
  4 bats
  2 frilled lizards
  6 kobolds
  2 rats
36 creatures vanquished.

Notes
Turn   | Place    | Note
-------+----------+-------------------------------------------
     0 | Abyss:1  | mortelune the Formicid Abyssal Knight began the quest for
                  | the Orb.
     0 | Abyss:1  | Reached XP level 1. HP: 18/18 MP: 2/2
   103 | Abyss:1  | Noticed a quasit
   109 | D:1      | Escaped the Abyss
   144 | D:1      | Reached XP level 2. HP: 23/24 MP: 3/3
   156 | D:1      | Reached * piety under Lugonu
   400 | D:1      | Gained mutation: You are agile. (Dex +2) [potion of
                  | mutation]
   400 | D:1      | Gained mutation: You are partially covered in iridescent
                  | scales. (AC +2) [potion of mutation]
   538 | D:1      | Reached XP level 3. HP: 29/29 MP: 5/5
  1067 | D:2      | Found a snail-covered altar of Cheibriados.
  1566 | D:3      | Reached XP level 4. HP: 3/37 MP: 6/6
  1573 | D:3      | HP: 1/37 [poisoned by an adder]
  1577 | D:3      | Succumbed to an adder's poison

Levels and vault maps discovered:
D:1:      ebering_trefoil_3fold, layout_loops_corners
D:2:      layout_rooms, cheibriados_altar_1, first_ration
D:3:      layout_basic, lemuel_round_altar, hangedman_ru_absence

Skill      XL: |  1  2  3 |
---------------+----------+-----
Invocations    | 3 |  3.0
Fighting       | |  3.8
Long Blades    | |  2.6
Armour         | |  2.9
Dodging        | |  0.8

Action                   |  1- 3 |  4- 6 || total
-------------------------+-------+-------++-------
Melee: Falchion          |    55 |       ||    55
       Great sword       |    17 |       ||    17
       Long sword        |    16 |       ||    16
Invok: Depart the Abyss  |     1 |       ||     1
  Use: Scroll            |     8 |       ||     8
       Potion            |     2 |       ||     2
  Eat: Chunk             |     2 |       ||     2
Armor: Leather armour    |    19 |       ||    19
       Ring mail         |    25 |       ||    25
Dodge: Dodged            |    73 |       ||    73
       Rpst.: Falchion   |    12 |       ||    12
       Great sword       |     9 |       ||     9
       Long sword        |     1 |       ||     1
